Mr T, lawful female human Samurai ------------ |...........##############--------------- |..........| #..............- |........<.| #|....>........| |........... #-------.-------# |..........| ### ##########I -.-+-------- # # # ## # #### # # ############################ ### ### # # # # ###### ### # -----------.---- # ------# |..............| ### |....|# |..............| # |....|# |..............| ##|.{..|# |..............| |.....# ---------------- ----+- ^ Mr T the Ronin Experience level: 3 Strength: 12 Dexterity: 16 Constitution: 18 Intelligence: 9 Wisdom: 11 Charisma: 8 Health: 0(26) Energy: 12(12) Def: 7 Gold: 223 Moves: 1189 Dungeon seed: xo3UssBSaDYcBC7c Game ID: Mr T_1568074733 Your Inventory: Coins $ - 223 gold pieces Weapons a - a +0 katana (weapon in hand) b - a +0 wakizashi (alternate weapon; not wielded) c - a +0 yumi d - 39 blessed +0 ya (in quiver) g - a +0 orcish dagger l - 10 +0 silver arrows Armor e - an uncursed rustproof +0 splint mail (being worn) q - an uncursed +0 orcish helm (being worn) r - an uncursed +0 mummy wrapping Scrolls h - an uncursed scroll of magic mapping Potions k - an uncursed potion of monster detection Tools f - an uncursed blindfold i - an uncursed towel Gems n - an uncursed worthless piece of red glass Spells and supernatural/magical abilities: Name Level Category Fail Memory W - pray for help -- divine ? -- Your skills at the end: Fighting Skills martial arts [Basic] Weapon Skills short sword [Basic] long sword [Basic] bow [Basic] Spellcasting Skills Final Attributes: You were piously aligned. You were fast. You were unlucky. You are dead. Vanquished creatures: a shrieker a kobold mummy a giant bat a dwarf zombie 2 manes 2 giant rats a gnome zombie a goblin a grid bug a bat a lichen a newt 14 creatures vanquished. Voluntary challenges: You used a wielded weapon 22 times, starting on turn 283. You were illiterate. You never genocided any monsters. You never polymorphed an object. You never changed form. You used no wishes. You never split a pudding. You never wrote Elbereth's name. You never violated your personal moral code. Dungeon overview: The Dungeons of Doom: levels 1 to 6 Level 1 some fountains a long staircase Level 2 a sink Level 3 Level 4 some altars to Raijin and Susanowo, a fountain Level 5 <- You were here a fountain Level 6 History has recorded: On T:1 you entered the Dungeons of Doom to retrieve the Amulet of Yendor! On T:181 you reached level 2 of The Dungeons of Doom. On T:247 you reached level 3 of The Dungeons of Doom. On T:468 you reached level 4 of The Dungeons of Doom. On T:628 you advanced to experience level 2. On T:676 you reached level 5 of The Dungeons of Doom. On T:926 you advanced to experience level 3. On T:1163 you reached level 6 of The Dungeons of Doom. Score breakdown: Gold: 223 ( 7994 points) Experience: 3 levels ( 7878 points) Exploration: 6 levels ( 12.24%) ( 9682 points) Discoveries: 0 items ( 0.00%) ( 0 points) Valuables value: (no points given unless you survive) Artifact value: 0 ( 0 points) Variety of kills: 12 monsters ( 3.15%) ( 5324 points) Turncount: 1189 turns ( 0 points) Survival: died (score multiplied by 80%) Total score: 24702 Latest messages: You read: "?d ac?????m". The door opens. You find a teleportation trap. Something is written here in the dust. You read: "?c a??? ?m". The door closes. You are beginning to feel weak. You kill the giant rat! You hear a crunching sound. You stop running. You faint from lack of food. It hits! You come to. You begin praying to Amaterasu Omikami. The kobold mummy hits! (2x) You feel that Amaterasu Omikami is displeased. You hit the kobold mummy! The kobold mummy hits! You miss the kobold mummy. (2x) You faint from lack of food. It hits! (2x) You die... Final status: Sayonara Mr T the Samurai, killed by a kobold mummy, while fainted from lack of food... You died in The Dungeons of Doom on dungeon level 5 with 24702 points, and 223 pieces of gold, after 1189 moves. You were level 3 with a maximum of 26 hit points when you died.